TOP OF THE 1ST |
New Hampshire Fisher Cats batting - Pitching for Midland RockHounds : RHP Jesus Moreno
|
Pitching: RHP Jesus Moreno
|
|
Batting: RHB Frank Caulfield
|
0-0: Called Strike 0-1: Foul Ball, location: 2F 0-2: Foul Ball, location: 2F 0-2: Ground out 6-3 (Groundball, 56, EV 101.2 MPH)
|
Batting: RHB Bill Murray
|
0-0: Ball 1-0: Foul Ball, location: 2F 1-1: Fly out, F4 (Popup, 3S, EV 77.5 MPH)
|
Batting: SHB Dominik Hasek II
|
0-0: Ball 1-0: Ball 2-0: Ball 3-0: Called Strike 3-1: Called Strike 3-2: Foul Ball, location: 2F 3-2: Foul Ball, location: 2F 3-2: Fly out, F8 (Flyball, 8RD, EV 100.6 MPH)
|
Top of the 1st over - 0 runs, 0 hits, 0 errors, 0 left on base; New Hampshire 0 - Midland 0 |
BOTTOM OF THE 1ST |
Midland RockHounds batting - Pitching for New Hampshire Fisher Cats : RHP Dan Korte
|
Pitching: RHP Dan Korte
|
|
Batting: LHB Tomas Segarra
|
0-0: Ground out 6-3 (Groundball, 6D, EV 98.1 MPH)
|
Batting: LHB Gregg Power
|
0-0: DOUBLE (Line Drive, 78D, EV 106.2 MPH)
|
Batting: SHB Robert Santiago
|
0-0: Called Strike 0-1: Swinging Strike 0-2: Ball 1-2: Strikes out swinging
|
Batting: RHB Scott Wiggs
|
0-0: Foul Ball, location: 2F 0-1: Ball 1-1: Called Strike 1-2: Strikes out swinging
|
Bottom of the 1st over - 0 runs, 1 hit, 0 errors, 1 left on base; New Hampshire 0 - Midland 0 |
TOP OF THE 2ND |
New Hampshire Fisher Cats batting - Pitching for Midland RockHounds : RHP Jesus Moreno
|
Batting: LHB Rodrigo Briceno
|
0-0: Ground out 2-3 (Groundball, 2L, EV 73.1 MPH)
|
Batting: RHB Selam Chimsima
|
0-0: Ball 1-0: Fly out, F9 (Line Drive, 9S, EV 111.9 MPH)
|
Batting: RHB Butch Koglin
|
0-0: SOLO HOME RUN (Flyball, 7LD, EV 93.1 MPH), Distance : 346 ft
|
Batting: RHB Kirk Seiffert
|
0-0: Ball 1-0: Called Strike 1-1: Called Strike 1-2: Fly out, F8 (Flyball, 78S, EV 85.6 MPH)
|
Top of the 2nd over - 1 run, 1 hit, 0 errors, 0 left on base; New Hampshire 1 - Midland 0 |
BOTTOM OF THE 2ND |
Midland RockHounds batting - Pitching for New Hampshire Fisher Cats : RHP Dan Korte
|
Batting: RHB Jonathan Gallup
|
0-0: Ball 1-0: Foul Ball, location: 2F 1-1: SINGLE (Flyball, 9S, EV 98.8 MPH)
|
Batting: LHB Alan Bianchard
|
0-0: Ball 1-0: Foul Ball, location: 2F 1-1: SINGLE (Line Drive, 89S, EV 93.1 MPH) Jonathan Gallup to second Runner from 2nd tries for 3rd, SAFE, no throw by RF
|
Batting: SHB Ryan Chicoine
|
Pickoff Throw to First - Out! 1-3 0-0: DOUBLE (Flyball, 8RXD, EV 93.1 MPH) Jonathan Gallup scores
|
Batting: RHB Matt Sherard
|
0-0: Ball 1-0: Ball 2-0: Called Strike 2-1: Ground out U3 (Groundball, 34, EV 90.6 MPH) Ryan Chicoine to third
|
Batting: LHB Jose Mojica
|
0-0: Called Strike 0-1: Ground out 4-3 (Groundball, 4, EV 86.9 MPH)
|
Bottom of the 2nd over - 1 run, 3 hits, 0 errors, 1 left on base; New Hampshire 1 - Midland 1 |
TOP OF THE 3RD |
New Hampshire Fisher Cats batting - Pitching for Midland RockHounds : RHP Jesus Moreno
|
Batting: SHB Tristan Dearing
|
0-0: Ball 1-0: Called Strike 1-1: Called Strike 1-2: Strikes out swinging
|
Batting: RHB Bryan Mattis
|
0-0: Ball 1-0: Called Strike 1-1: Ball 2-1: Swinging Strike 2-2: Foul Ball, location: 2F 2-2: Strikes out swinging
|
Batting: RHB Frank Caulfield
|
0-0: Called Strike 0-1: Ball 1-1: Ground out 5-3 (Groundball, 56, EV 90.6 MPH)
|
Top of the 3rd over - 0 runs, 0 hits, 0 errors, 0 left on base; New Hampshire 1 - Midland 1 |
BOTTOM OF THE 3RD |
Midland RockHounds batting - Pitching for New Hampshire Fisher Cats : RHP Dan Korte
|
Batting: LHB Tomas Segarra
|
0-0: Called Strike 0-1: Foul Ball, location: 2F 0-2: Ball 1-2: Strikes out swinging
|
Batting: LHB Gregg Power
|
0-0: Ball 1-0: Ground out 4-3 (Groundball, 34D, EV 102.5 MPH)
|
Batting: SHB Robert Santiago
|
0-0: Ball 1-0: SINGLE (Line Drive, 56D, EV 100.0 MPH)
|
Batting: RHB Scott Wiggs
|
Pickoff Play to 1st, Runner tries for 2nd, OUT after rundown.
|
Bottom of the 3rd over - 0 runs, 1 hit, 0 errors, 0 left on base; New Hampshire 1 - Midland 1 |
TOP OF THE 4TH |
New Hampshire Fisher Cats batting - Pitching for Midland RockHounds : RHP Jesus Moreno
|
Batting: RHB Bill Murray
|
0-0: Called Strike 0-1: Called Strike 0-2: Ball 1-2: Fly out, F8 (Flyball, 8RXD, EV 99.4 MPH)
|
Batting: SHB Dominik Hasek II
|
0-0: Swinging Strike 0-1: Ball 1-1: Foul Ball, location: 2F 1-2: Ground out 3-1 (Groundball, 34, EV 83.1 MPH)
|
Batting: LHB Rodrigo Briceno
|
0-0: Called Strike 0-1: DOUBLE (Groundball, 3L, EV 103.8 MPH)
|
Batting: RHB Selam Chimsima
|
0-0: Ball 1-0: Ball 2-0: Ball 3-0: Base on Balls
|
Batting: RHB Butch Koglin
|
0-0: Called Strike 0-1: Ground out 6-3 (Groundball, P, EV 80.0 MPH)
|
Top of the 4th over - 0 runs, 1 hit, 0 errors, 2 left on base; New Hampshire 1 - Midland 1 |
BOTTOM OF THE 4TH |
Midland RockHounds batting - Pitching for New Hampshire Fisher Cats : RHP Dan Korte
|
Batting: RHB Scott Wiggs
|
0-0: Ball 1-0: Fly out, F7 (Flyball, 7S, EV 89.4 MPH)
|
Batting: RHB Jonathan Gallup
|
0-0: Swinging Strike 0-1: Foul Ball, location: 2F 0-2: Strikes out swinging
|
Batting: LHB Alan Bianchard
|
0-0: Called Strike 0-1: Ground out 6-3 (Groundball, 6, EV 100.6 MPH)
|
Bottom of the 4th over - 0 runs, 0 hits, 0 errors, 0 left on base; New Hampshire 1 - Midland 1 |
TOP OF THE 5TH |
New Hampshire Fisher Cats batting - Pitching for Midland RockHounds : RHP Jesus Moreno
|
Batting: RHB Kirk Seiffert
|
0-0: Ball 1-0: Ground out 5-3 (Groundball, 56S, EV 83.8 MPH)
|
Batting: SHB Tristan Dearing
|
0-0: Called Strike 0-1: Swinging Strike 0-2: Ball 1-2: Ball 2-2: Ball 3-2: Strikes out swinging
|
Batting: RHB Bryan Mattis
|
0-0: Called Strike 0-1: Ball 1-1: Foul Ball, location: 2F 1-2: Strikes out swinging
|
Top of the 5th over - 0 runs, 0 hits, 0 errors, 0 left on base; New Hampshire 1 - Midland 1 |
BOTTOM OF THE 5TH |
Midland RockHounds batting - Pitching for New Hampshire Fisher Cats : RHP Dan Korte
|
Batting: SHB Ryan Chicoine
|
0-0: Ball 1-0: Ground out 4-3 (Groundball, 4M, EV 86.2 MPH)
|
Batting: RHB Matt Sherard
|
0-0: Ball 1-0: Called Strike 1-1: Swinging Strike 1-2: Strikes out swinging
|
Batting: LHB Jose Mojica
|
0-0: Called Strike 0-1: Ground out 4-3 (Groundball, 4, EV 80.0 MPH)
|
Bottom of the 5th over - 0 runs, 0 hits, 0 errors, 0 left on base; New Hampshire 1 - Midland 1 |
TOP OF THE 6TH |
New Hampshire Fisher Cats batting - Pitching for Midland RockHounds : RHP Jesus Moreno
|
Batting: RHB Frank Caulfield
|
0-0: Foul Ball, location: 2F 0-1: Swinging Strike 0-2: SINGLE (Groundball, 6D, EV 107.5 MPH)
|
Batting: RHB Bill Murray
|
0-0: Foul Ball, location: 2F 0-1: Foul Ball, location: 2F 0-2: Strikes out swinging
|
Batting: SHB Dominik Hasek II
|
0-0: Ball Frank Caulfield steals 2nd base 1-0: Ball Frank Caulfield steals 3rd base 2-0: SINGLE (Line Drive, 5D, EV 98.1 MPH) Frank Caulfield scores
|
Batting: LHB Rodrigo Briceno
|
0-0: Ball Dominik Hasek II steals 2nd base (no throw) 1-0: Intentional Walk
|
Batting: RHB Selam Chimsima
|
0-0: Called Strike 0-1: Ball 1-1: Ball 2-1: Ball 3-1: Grounds into double play, 6-4-3 (Groundball, 6, EV 107.5 MPH)
|
Top of the 6th over - 1 run, 2 hits, 0 errors, 1 left on base; New Hampshire 2 - Midland 1 |
BOTTOM OF THE 6TH |
Midland RockHounds batting - Pitching for New Hampshire Fisher Cats : RHP Dan Korte
|
Batting: LHB Tomas Segarra
|
0-0: Swinging Strike 0-1: Fly out, F6 (Line Drive, 6, EV 70.0 MPH)
|
Batting: LHB Gregg Power
|
0-0: Called Strike 0-1: Fly out, F8 (Flyball, 8LM, EV 84.4 MPH)
|
Batting: SHB Robert Santiago
|
0-0: Called Strike 0-1: Ball 1-1: Swinging Strike 1-2: SINGLE (Groundball, 23, EV 70.0 MPH) (infield hit)
|
Batting: RHB Scott Wiggs
|
0-0: Ball Robert Santiago steals 2nd base (no throw) 1-0: Called Strike 1-1: Swinging Strike 1-2: Foul Ball, location: 2F 1-2: Strikes out looking
|
Bottom of the 6th over - 0 runs, 1 hit, 0 errors, 1 left on base; New Hampshire 2 - Midland 1 |
TOP OF THE 7TH |
New Hampshire Fisher Cats batting - Pitching for Midland RockHounds : RHP Jesus Moreno
|
Batting: RHB Butch Koglin
|
0-0: Ball 1-0: Ball 2-0: Foul Ball, location: 2F 2-1: Ball 3-1: SOLO HOME RUN (Line Drive, 9D, EV 106.2 MPH), Distance : 394 ft
|
Batting: RHB Kirk Seiffert
|
0-0: Called Strike 0-1: Ball 1-1: Foul Ball, location: 2F 1-2: Ball 2-2: Ball 3-2: Foul Ball, location: 2F 3-2: Foul Ball, location: 2F 3-2: SINGLE (Groundball, 4MD, EV 95.6 MPH)
|
Batting: SHB Tristan Dearing
|
0-0: Sac Bunt to 13 - play at first, batter OUT! 1-3 Kirk Seiffert to second
|
Batting: RHB Bryan Mattis
|
0-0: Ball 1-0: Ball 2-0: Ball 3-0: Called Strike 3-1: Called Strike 3-2: Foul Ball, location: 2F 3-2: Foul Ball, location: 2F 3-2: Strikes out swinging, 2-3 out at first.
|
Pitching: LHP Bobby Storey
|
|
Batting: RHB Frank Caulfield
|
0-0: Ball Kirk Seiffert steals 3rd base (no throw) 1-0: Reached via error on a dropped throw from 1B, E1 (Groundball, 34, EV 108.8 MPH) Kirk Seiffert scores
|
Batting: RHB Bill Murray
|
0-0: Ball 1-0: Called Strike Frank Caulfield steals 2nd base 1-1: Intentional Walk
|
Batting: SHB Dominik Hasek II
|
0-0: Called Strike 0-1: Foul Ball, location: 2F 0-2: Strikes out swinging
|
Top of the 7th over - 2 runs, 2 hits, 1 error, 2 left on base; New Hampshire 4 - Midland 1 |
BOTTOM OF THE 7TH |
Midland RockHounds batting - Pitching for New Hampshire Fisher Cats : RHP Dan Korte
|
Batting: RHB Jonathan Gallup
|
0-0: Called Strike 0-1: Swinging Strike 0-2: Ball 1-2: Ball 2-2: Foul Ball, location: 2F 2-2: Ball 3-2: Strikes out looking
|
Batting: LHB Alan Bianchard
|
0-0: Swinging Strike 0-1: Ball 1-1: SINGLE (Line Drive, 4MD, EV 99.4 MPH)
|
Pitching: RHP Joe Spencer
|
|
Batting: SHB Ryan Chicoine
|
0-0: Called Strike 0-1: Foul Ball, location: 2F 0-2: Foul Ball, location: 2F 0-2: Ball 1-2: Ball 2-2: Foul Ball, location: 2F 2-2: Strikes out swinging
|
Batting: RHB Matt Sherard
|
0-0: Called Strike Alan Bianchard steals 2nd base 0-1: Called Strike 0-2: Ball 1-2: Ball 2-2: Ball 3-2: Ground out 5-3 (Groundball, 56, EV 79.4 MPH)
|
Bottom of the 7th over - 0 runs, 1 hit, 0 errors, 1 left on base; New Hampshire 4 - Midland 1 |
TOP OF THE 8TH |
New Hampshire Fisher Cats batting - Pitching for Midland RockHounds : LHP Bobby Storey
|
Batting: LHB Rodrigo Briceno
|
0-0: Fly out, F9 (Flyball, 9D, EV 83.1 MPH)
|
Batting: RHB Selam Chimsima
|
0-0: Ball 1-0: Ball 2-0: Foul Ball, location: 2F 2-1: Foul Ball, location: 2F 2-2: Foul Ball, location: 2F 2-2: Foul Ball, location: 2F 2-2: Ground out 5-3 (Groundball, 56, EV 104.4 MPH)
|
Batting: RHB Butch Koglin
|
0-0: Ball 1-0: Foul Ball, location: 2F 1-1: Ball 2-1: Ball 3-1: Swinging Strike 3-2: Foul Ball, location: 2F 3-2: Base on Balls
|
Batting: RHB Kirk Seiffert
|
0-0: Ground out 4-3 (Groundball, 4D, EV 85.0 MPH)
|
Top of the 8th over - 0 runs, 0 hits, 0 errors, 1 left on base; New Hampshire 4 - Midland 1 |
BOTTOM OF THE 8TH |
Midland RockHounds batting - Pitching for New Hampshire Fisher Cats : RHP Joe Spencer
|
Pitching: RHP Pat Powell
|
|
Batting: LHB Jose Mojica
|
0-0: Ball 1-0: Ball 2-0: Called Strike 2-1: Ball 3-1: Base on Balls
|
Batting: LHB Tomas Segarra
|
0-0: Called Strike 0-1: Ball 1-1: Ball 2-1: Fly out, F7 (Line Drive, 7, EV 92.5 MPH)
|
Pitching: LHP Bruce Knight
|
|
Batting: LHB Gregg Power
|
0-0: Called Strike 0-1: Ground out 6-3 (Groundball, 4, EV 93.1 MPH) Jose Mojica to second
|
Batting: SHB Robert Santiago
|
0-0: Called Strike 0-1: Called Strike 0-2: TRIPLE (Line Drive, 78XD, EV 108.8 MPH) Jose Mojica scores
|
Batting: RHB Scott Wiggs
|
0-0: Ball 1-0: Ball 2-0: Called Strike 2-1: Foul Ball, location: 2F 2-2: Strikes out swinging
|
Bottom of the 8th over - 1 run, 1 hit, 0 errors, 1 left on base; New Hampshire 4 - Midland 2 |
TOP OF THE 9TH |
New Hampshire Fisher Cats batting - Pitching for Midland RockHounds : LHP Bobby Storey
|
Batting: SHB Tristan Dearing
|
0-0: Foul Ball, location: 2F 0-1: Ball 1-1: Ball 2-1: Foul Ball, location: 2F 2-2: Ball 3-2: Fly out, F7 (Flyball, 7LS, EV 92.5 MPH)
|
Batting: RHB Bryan Mattis
|
0-0: SINGLE (Line Drive, 7LS, EV 88.1 MPH)
|
Batting: RHB Frank Caulfield
|
0-0: SINGLE (Groundball, 6MD, EV 105.6 MPH) Bryan Mattis to second
|
Batting: RHB Bill Murray
|
0-0: Called Strike 0-1: Foul Ball, location: 2F 0-2: Ball 1-2: Strikes out looking
|
Batting: SHB Dominik Hasek II
|
0-0: Foul Ball, location: 2F 0-1: Ball 1-1: Ball 2-1: Swinging Strike 2-2: Strikes out looking
|
Top of the 9th over - 0 runs, 2 hits, 0 errors, 2 left on base; New Hampshire 4 - Midland 2 |
BOTTOM OF THE 9TH |
Midland RockHounds batting - Pitching for New Hampshire Fisher Cats : LHP Bruce Knight
|
Pitching: RHP Mel Schultz
|
|
Batting: RHB Jonathan Gallup
|
0-0: Foul Ball, location: 2F 0-1: Ball 1-1: Foul Ball, location: 2F 1-2: Foul Ball, location: 2F 1-2: Strikes out swinging
|
Batting: LHB Alan Bianchard
|
0-0: SINGLE (Line Drive, 34D, EV 105.6 MPH)
|
Batting: SHB Ryan Chicoine
|
0-0: Swinging Strike 0-1: Ball Pickoff Throw to First - Out! 1-3 CS 1-1: Ground out 4-3 (Groundball, 4S, EV 91.9 MPH)
|
Bottom of the 9th over - 0 runs, 1 hit, 0 errors, 0 left on base; New Hampshire 4 - Midland 2 |
|